 Dungeon Crawl Stone Soup version 0.26-a0-651-gb41185065b (webtiles) character file.

Game seed: 12891407180209410346

166 Flugslaktarn the Skirmisher (level 5, 0/42 HPs)
             Began as a Human Fighter on Oct 26, 2020.
             Was an Initiate of Cheibriados.
             Succumbed to an orange demon's poison
             ... on level 1 of the Abyss.
             The game lasted 00:01:16 (2961 turns).

Flugslaktarn the Skirmisher (Human Fighter)         Turns: 2961, Time: 00:01:16

Health: 0/42       AC: 13    Str: 19    XL:     5   Next: 76%
Magic:  5/5        EV:  5    Int:  9    God:    Cheibriados [......]
Gold:   130        SH:  9    Dex: 13    Spells: 4/4 levels left

rFire    . . .     SeeInvis .   a - +0 war axe
rCold    . . .     Faith    .   c - +0 kite shield
rNeg     . . .     Spirit   .   o - +0 chain mail
rPois    .         Reflect  .   (no helmet)
rElec    .         Harm     .   p - +2 cloak
rCorr    .         Rampage  .   (no gloves)
MR       .....                  g - +0 pair of boots
Stlth    ..........             (no amulet)
HPRegen  0.14/turn              f - ring of attention (curse)
MPRegen  0.09/turn              (no ring)

@: mighty, lethally poisoned (0 -> -22), very slow
A: no striking features
a: Bend Time, Renounce Religion


You were on level 1 of the Abyss.
You worshipped Cheibriados.
Cheibriados was noncommittal.
You visited 1 branch of the dungeon, and saw 4 of its levels.
You visited the Abyss 1 time.

You collected 130 gold pieces.

Inventory:

Hand Weapons
 a - a +0 war axe (weapon)
Armour
 b - a +0 scale mail
 c - a +0 kite shield (worn)
 g - a +0 pair of boots (worn)
   (You found it on level 2 of the Dungeon)
 o - a +0 chain mail (worn)
   (You found it on level 2 of the Dungeon)
 p - a +2 cloak (worn)
   (You found it on level 2 of the Dungeon)
Jewellery
 f - a cursed ring of attention (left hand)
   (You found it on level 1 of the Dungeon)
 u - an uncursed amulet of regeneration {unknown}
   (You found it on level 3 of the Dungeon)
Scrolls
 e - a scroll of immolation {unknown}
 h - 2 scrolls of fear {unknown}
 i - 2 scrolls of remove curse {unknown}
 j - a scroll of identify {unknown}
 l - 4 scrolls of teleportation {unknown}
 m - a scroll of fog {unknown}
Potions
 k - a potion of lignification {unknown}
 n - a potion of haste {unknown}
 q - 2 potions of curing
 r - a potion of mutation {unknown}
 s - 2 potions of stabbing {unknown}
 t - a potion of magic {unknown}


   Skills:
 + Level 3.7 Fighting
 * Level 3.7 Axes
 + Level 3.7 Armour
 + Level 3.7 Shields


You had 4 spell levels left.
You didn't know any spells.
Your spell library was empty.

Dungeon Overview and Level Annotations

Branches:
Dungeon (4/15)
 Temple: D:4-7

Altars:
Cheibriados
Sif Muna
Yredelemnul

Annotations:
D:2 1 runed translucent door


Message History

The large abomination is lightly damaged.
The large abomination hits you!
* * * LOW HITPOINT WARNING * * *
You hit the large abomination.
The large abomination is lightly damaged.
The orange demon completely misses you.
The large abomination hits you but does no damage.
Unknown command.
You hit the large abomination.
The large abomination is lightly damaged.
The orange demon stings you from afar.
* * * LOW HITPOINT WARNING * * *
You are lethally poisoned!
The orange demon poisons you!
The large abomination hits you but does no damage.
You block the orange demon's attack.
You block the large abomination's attack.
You slash the large abomination!
The large abomination is heavily damaged.
You die...

#. ..... ... .. #
. #.# . .### #
.... .#.#.#.....
#...#.#.. .......
#.....#.#.#
....#.# #
#.......##.......
#........@..∩.....
#.##.##X##.#..#.#
#...#.4## # .#
...∩#.......
#..###...#.###.
#3. ....# .# ##
.#.... .# #.....
.# .. # # ...... (


You could see an orange demon and a large abomination.

Vanquished Creatures
  An orc priest (D:4)
  A human skeleton (D:2)
  A gnoll (D:1)
  3 adders
  3 worms
  A leopard gecko (D:1)
  4 orcs
  3 ball pythons
  6 giant cockroaches
  2 goblins
  7 hobgoblins
  6 jackals
  2 quokkas
  6 bats
  2 frilled lizards
  A jackal skeleton (D:4)
  5 kobolds
  9 rats
63 creatures vanquished.

Notes
Turn   | Place    | Note
-------+----------+-------------------------------------------
     0 | D:1      | Flugslaktarn the Human Fighter began the quest for the Orb.
     0 | D:1      | Reached XP level 1. HP: 18/18 MP: 1/1
   140 | D:1      | Reached XP level 2. HP: 22/24 MP: 2/2
   357 | D:1      | Reached XP level 3. HP: 9/29 MP: 3/3
  1184 | D:2      | Found a runed translucent door.
  1184 | D:2      | Noticed a human
  1188 | D:2      | Found a basalt altar of Yredelemnul.
  1197 | D:2      | Reached XP level 4. HP: 30/35 MP: 4/4
  2203 | D:3      | You fall into a shaft and drop 1 floor!
  2241 | D:3      | Reached XP level 5. HP: 32/41 MP: 5/5
  2367 | D:3      | Found a snail-covered altar of Cheibriados.
  2395 | D:3      | Became a worshipper of Cheibriados the Contemplative
  2619 | D:3      | Found a shimmering blue altar of Sif Muna.
  2882 | D:4      | Cast into level 1 of the Abyss (orc wizard)
  2942 | Abyss:1  | Noticed an orange demon
  2947 | Abyss:1  | Noticed a large abomination
  2949 | Abyss:1  | Noticed a ynoxinul
  2960 | Abyss:1  | HP: 2/42 [orange demon (1)]
  2961 | Abyss:1  | Succumbed to an orange demon's poison

Illustrated notes

Levels and vault maps discovered:
D:1:      ncdulo_lavacross, layout_basic
D:2:      layout_basic, dk_yredelemnul_ordeal
D:3:      layout_rooms, nicolae_overflow_crystal_walls, lemuel_blue_sif_altar
D:4:      layout_basic, vehumet_statue, gammafunk_temple_overflow_elements,
          nrook_mini_vaults, hex_intersection, uniq_ijyb, uniq_grinder
Abyss:1:  base:
D:3

Skill      XL: |  1  2  3 |
---------------+----------+-----
Axes           | 3 |  3.7
Fighting       | |  3.7
Armour         | |  3.7
Shields        | |  3.7

Action                   |  1- 3 |  4- 6 || total
-------------------------+-------+-------++-------
Melee: War axe           |    81 |   125 ||   206
  Use: Potion            |       |     2 ||     2
Armor: Scale mail        |    46 |     2 ||    48
       Chain mail        |       |   103 ||   103
Dodge: Dodged            |    29 |    32 ||    61
Block: Kite shield       |    42 |    77 ||   119

Table legend: (Time is in decaauts)
 A = Elapsed time spent in this place.
 B = Non-inter-level travel time spent in this place.
 C = Inter-level travel time spent in this place.
 D = Time resting spent in this place.
 E = Time spent auto-exploring this place.
 F = Levels seen in this place.
 G = Mean time per level.
                   A        B        C        D        E       F      G
               +--------+--------+--------+--------+--------+-----+--------+
         Total |   3154 |   3022 |    132 |    217 |   2275 |   5 |  630.8 |
       Dungeon |   3069 |   2937 |    132 |    217 |   2215 |   4 |  767.2 |
         Abyss |     85 |     85 |      0 |      0 |     59 |   1 |   85.0 |
               +--------+--------+--------+--------+--------+-----+--------+

Top non-repeatable levels by time:
     D:1: 1129 daAuts
     D:2: 1122 daAuts
     D:3: 747 daAuts
 Abyss:1: 85 daAuts
     D:4: 70 daAuts
